 Dungeon Crawl Stone Soup version 0.20-a0-870-g4070442 (webtiles) character file.

4533 JeffiDaFish the Geomancer (level 10, -6/56 HPs)
             Began as a Gargoyle Earth Elementalist on Mar 14, 2017.
             Was a Believer of Vehumet.
             Mangled by a troll (7 damage)
             ... on level 8 of the Dungeon.
             The game lasted 00:26:53 (9936 turns).

JeffiDaFish the Geomancer (GrEE)                    Turns: 9936, Time: 00:26:54

Health: -6/56      AC: 15    Str: 11    XL:     10   Next: 39%
Magic:  4/20       EV: 12    Int: 18    God:    Vehumet [**....]
Gold:   398        SH: 10    Dex: 12    Spells: 6/22 levels left

rFire    . . .     SeeInvis .   i - +3 flail (protect)
rCold    + . .     Gourm    .   j - +2 leather armour {rC+}
rNeg     + . .     Faith    .   s - +0 buckler
rPois    ∞         Spirit   .   (no helmet)
rElec    +         Reflect  +   m - +1 cloak
rCorr    .         Harm     .   (no gloves)
MR       .....                  x - +0 pair of boots
Stlth    ++........             p - +5 amulet of reflection
Regen    0.2/turn               (no ring)
MPRegen  0.2/turn               q - ring of wizardry

@: about to teleport
A: blurry vision 1, mutation resistance 1, negative energy resistance 1,
electricity resistance, unbreathing, petrification resistance, rot immunity, AC
+7
a: Renounce Religion


You were on level 8 of the Dungeon.
You worshipped Vehumet.
Vehumet was pleased with you.
You were hungry.

You visited 2 branches of the dungeon, and saw 10 of its levels.

You collected 398 gold pieces.

Inventory:

Hand Weapons
 i - a +3 flail of protection (weapon)
Missiles
 b - 233 stones (quivered)
Armour
 j - a +2 leather armour of cold resistance (worn)
 m - a +1 cloak (worn)
 s - a +0 buckler (worn)
 x - a +0 pair of boots (worn)
Jewellery
 p - a +5 amulet of reflection (around neck)
 q - a ring of wizardry (left hand)
Scrolls
 a - 5 scrolls of recharging
 c - a scroll of amnesia
 h - 10 scrolls of identify
 l - 2 scrolls of teleportation
 w - a scroll of remove curse
 z - a scroll of magic mapping
Potions
 g - a potion of resistance
 n - a potion of brilliance
 o - a potion of ambrosia
 r - 4 potions of heal wounds
 A - a potion of magic
Books
 e - a book of Geomancy

   Spells                             Type                      Level
   a - Sandblast                      Earth                        1
   b - Passwall                       Transmutation/Earth          2
   c - Stone Arrow                    Conjuration/Earth            3
   d - Petrify                        Transmutation/Earth          4
   e - Lee's Rapid Deconstruction     Earth                        5
 u - a book of Frost

   Spells                             Type                      Level
   a - Freeze                         Ice                          1
   b - Throw Frost                    Conjuration/Ice              2
   c - Ozocubu's Armour               Charms/Ice                   3
   d - Throw Icicle                   Conjuration/Ice              4
   e - Summon Ice Beast               Ice/Summoning                4
 y - a book of Misfortune

   Spells                             Type                      Level
   a - Confusing Touch                Hexes                        1
   b - Confuse                        Hexes                        3
   c - Gell's Gravitas                Translocation                3
   d - Petrify                        Transmutation/Earth          4
   e - Metabolic Englaciation         Hexes/Ice                    5
   f - Yara's Violent Unravelling     Hexes/Transmutation          5
Comestibles
 d - 7 bread rations
 f - 4 meat rations
 k - 10 fruits
 t - 3 royal jellies
 v - 11 chunks of flesh


   Skills:
 - Level 3.0 Fighting
   Level 1.6 Short Blades
 + Level 3.9 Maces & Flails
 - Level 2.5 Armour
 - Level 2.1 Dodging
 - Level 2.6 Stealth
 * Level 5.5 Shields
 * Level 6.8 Spellcasting
 + Level 4.7 Conjurations
 - Level 0.7 Transmutations
 + Level 2.6 Air Magic
 * Level 9.1 Earth Magic
 + Level 3.9 Poison Magic


You had 6 spell levels left.
You knew the following spells:

 Your Spells              Type           Power        Failure   Level  Hunger
a - Sandblast             Erth           #####.       1%          1    None
b - Stone Arrow           Conj/Erth      ####..       1%          3    ##.....
c - Mephitic Cloud        Conj/Pois/Air  ###.....     4%          3    ##.....
d - Lee's Rapid Deconstr  Erth           #####.....   4%          5    #####..
e - Petrify               Tmut/Erth      ###.....     9%          4    ####...


Dungeon Overview and Level Annotations

Branches:
Dungeon (9/15)             Temple (1/1) D:4
   Lair: D:8-11         Orc: D:9-12

Altars:
Ashenzari
Cheibriados
Dithmenos
Gozag
Kikubaaqudgha
Makhleb
Nemelex Xobeh
Okawaru
Qazlal
Ru
Sif Muna
Uskayaw
Vehumet
Wu Jian
Xom
The Shining One

Shops:
D:6 =   D:8 }?!(


Innate Abilities, Weirdness & Mutations

You are resistant to torment.
Your stone body is resilient. (AC +7)
You are immune to poison.
You resist negative energy. (rN+)
You are resistant to electric shocks. (rElec)
You can survive without breathing.
You are immune to petrification.
You are immune to rotting.
Scrolls take you a little longer to read.
You are somewhat resistant to further mutation.


Message History

The troll is engulfed in noxious fumes.
The troll is engulfed in noxious fumes.
There is a stone staircase leading up here.
You block the troll's attack. The troll barely misses you. x2
You climb upwards.
There is a stone staircase leading down here.
You block the troll's attack. The troll claws you.
* * * LOW HITPOINT WARNING * * *
The troll closely misses you.
You climb downwards.
There is a stone staircase leading up here.
Really read with blurry vision while enemies are nearby?
You begin reading the scroll.
You continue reading the scroll.
You block the troll's attack. The troll completely misses you.
The troll claws you.
* * * LOW HITPOINT WARNING * * *
As you read the scroll of teleportation, it crumbles to dust.
You feel strangely unstable.
You block the troll's attack. x2; The troll claws you!
You die...

##### #..##.......##.####
#...# #.###..#....##.# #
#...# #.#.[)......#..# #
#...#####.#[........#)## #
#.........)..#.....##)# #
#....#....)##..#...##.#####
#............[##.#.#.......
#.[.......T..#...#....<....
#...#.....@..#.###...######
######.....#...###...#
#######.....#..##.....# ##
#.....................# ##.
#...............#..##.# ##..
#.................###.###..#
#....>...........####.....##
#.....##.....#....#....(###.
#.....##.#..##.....[.....#..


You could see a troll.

Vanquished Creatures
  A two-headed ogre (D:8)
  A wyvern (D:8)
  6 yaks (D:9)
  Edmund (D:5)
  2 ice beasts
  3 sky beasts
  2 black bears
  2 ogres
  An eye of draining (D:8)
  A necrophage (D:8)
  A phantom (D:6)
  A centaur (D:6)
  A crocodile (D:8)
  4 bullfrogs
  3 scorpions
  4 wights (D:8)
  2 howler monkeys
  3 crimson imps
  A hound (D:5)
  A jelly (D:5)
  3 orc priests (D:8)
  3 orc wizards
  3 centaur skeletons
  4 iguanas
  6 worker ants
  A killer bee zombie (D:8)
  2 hound skeletons
  14 adders
  An adder zombie (D:8)
  An adder skeleton (D:8)
  A worm (D:2)
  3 dart slugs
  4 leopard geckos
  17 orcs
  5 bats
  6 giant cockroaches
  11 goblins
  9 hobgoblins
  19 jackals
  5 quokkas
  A ball python (D:2)
  6 frilled lizards
  4 kobolds
  A quokka skeleton (D:6)
  8 rats
179 creatures vanquished.

Notes
Turn   | Place    | Note
-------+----------+-------------------------------------------
     0 | D:1      | JeffiDaFish the Gargoyle Earth Elementalist began the quest for the Orb.
     0 | D:1      | Reached XP level 1. HP: 10/10 MP: 3/3
   412 | D:1      | Reached XP level 2. HP: 15/15 MP: 5/5
   850 | D:1      | Gained mutation: Scrolls take you a little longer to read. [potion of mutation]
   850 | D:1      | Gained mutation: You are somewhat resistant to further mutation. [potion of mutation]
   947 | D:1      | Reached skill level 4 in Earth Magic
  1127 | D:1      | Reached XP level 3. HP: 4/19 MP: 3/6
  1771 | D:1      | Learned a level 3 spell: Stone Arrow
  2244 | D:2      | Reached XP level 4. HP: 19/24 MP: 7/7
  2927 | D:3      | Found an ancient bone altar of Kikubaaqudgha.
  2927 | D:3      | Found a stormy altar of Qazlal.
  2932 | D:3      | Found a shadowy altar of Dithmenos.
  2934 | D:3      | Found a burning altar of Makhleb.
  2935 | D:3      | Found a shattered altar of Ashenzari.
  2988 | D:3      | Reached skill level 1 in Short Blades
  3090 | D:3      | HP: 1/24 [jackal (3)]
  3397 | D:3      | Reached skill level 1 in Fighting
  3397 | D:3      | Reached XP level 5. HP: 16/29 MP: 3/9
  3908 | D:3      | Found a burning altar of Makhleb.
  4205 | D:4      | Found a staircase to the Ecumenical Temple.
  4234 | Temple   | Entered the Ecumenical Temple
  4252 | Temple   | Became a worshipper of Vehumet
  4309 | D:4      | Reached skill level 5 in Earth Magic
  4429 | D:4      | Reached XP level 6. HP: 30/34 MP: 8/11
  5034 | D:5      | Entered Level 5 of the Dungeon
  5125 | D:5      | Reached skill level 1 in Armour
  5244 | D:5      | Noticed an ice beast
  5310 | D:5      | Noticed a sky beast
  5345 | D:5      | Killed a sky beast
  5345 | D:5      | Reached skill level 1 in Conjurations
  5345 | D:5      | Reached XP level 7. HP: 25/40 MP: 1/13
  5505 | D:5      | Noticed Edmund
  5627 | D:5      | HP: 1/40 [Edmund/flail of protection (3)]
  5631 | D:5      | Killed Edmund
  6063 | D:5      | Reached skill level 1 in Maces & Flails
  6063 | D:5      | Reached skill level 6 in Earth Magic
  6541 | D:5      | Learned a level 3 spell: Mephitic Cloud
  6624 | D:5      | Reached XP level 8. HP: 35/45 MP: 5/14
  6819 | D:5      | Found a deep blue altar of Sif Muna.
  6823 | D:5      | Found an ornate altar of the Wu Jian Council.
  6826 | D:5      | Found a glowing golden altar of the Shining One.
  6967 | D:6      | Reached skill level 1 in Poison Magic
  7089 | D:6      | Learned a level 5 spell: Lee's Rapid Deconstruction
  7101 | D:6      | Found a sparkling altar of Nemelex Xobeh.
  7155 | D:6      | Reached * piety under Vehumet
  7155 | D:6      | Offered knowledge of Shock by Vehumet.
  7186 | D:6      | Found Xivueqy's Jewellery Shoppe.
  7276 | D:6      | Reached skill level 5 in Spellcasting
  7399 | D:6      | Found a sacrificial altar of Ru.
  7437 | D:6      | Reached skill level 1 in Shields
  7755 | D:6      | Reached skill level 1 in Air Magic
  7755 | D:6      | Reached skill level 7 in Earth Magic
  8207 | D:7      | Reached XP level 9. HP: 39/50 MP: 17/17
  8462 | D:7      | Learned a level 4 spell: Petrify
  8757 | D:8      | Found Gatit's Gadget Boutique.
  8917 | D:8      | Reached skill level 8 in Earth Magic
  9040 | D:8      | Found Beag's Weapon Shoppe.
  9047 | D:8      | Reached ** piety under Vehumet
  9057 | D:8      | Offered knowledge of Sting by Vehumet.
  9126 | D:8      | Found a hide-covered altar of Uskayaw.
  9128 | D:8      | Found a basalt altar of Yredelemnul.
  9128 | D:8      | Found a glowing golden altar of the Shining One.
  9130 | D:8      | Found a shimmering altar of Xom.
  9130 | D:8      | Found a shattered altar of Ashenzari.
  9130 | D:8      | Found a shadowy altar of Dithmenos.
  9130 | D:8      | Noticed a two-headed ogre
  9146 | D:8      | Killed a two-headed ogre
  9146 | D:8      | Reached XP level 10. HP: 21/56 MP: 1/19
  9448 | D:8      | Found Ecricukh's Distillery.
  9464 | D:8      | Found Biurasenet's Magic Scroll Boutique.
  9576 | D:8      | Reached skill level 5 in Shields
  9783 | D:9      | Reached skill level 9 in Earth Magic
  9935 | D:8      | HP: 1/56 [troll (6)]
  9936 | D:8      | Mangled by a troll

Vault maps used:
D:1:      dpeg_arrival_rooms_b
D:2:      first_bread, minmay_misc_feat_roman
D:3:      chequers_temple_overflow_minitemple, bloody_makhleb
D:4:      minmay_temple_entry_statues_fountains
D:5:      minmay_overflow_temple_star_quad, uniq_edmund
D:6:      nemelex_xobeh_ov_fountains_minmay, serial_shops,
          nicolae_shop_window_shopping, nicolae_ru_sacrificial_ziggurat
D:8:      doesnt_xom_only_xom, serial_shops, shop, shop, shop, shop
D:9:      uniq_psyche, uniq_grum
Temple:   nicolae_temple_hex_pool

Skill      XL: |  1  2  3  4  5  6  7  8  9 10 |
---------------+-------------------------------+-----
Earth Magic    | 4 5 6 7 8 9 |  9.1
Dodging        | 2 |  2.1
Short Blades   | 1 |  1.6
Fighting       | 1 2 3 |  3.0
Spellcasting   | 3 4 5 6 |  6.8
Armour         | 1 2 |  2.5
Conjurations   | 1 2 3 4 |  4.7
Maces & Flails | 1 2 3 |  3.9
Poison Magic   | 2 3 |  3.9
Shields        | 2 4 5 |  5.5
Air Magic      | 1 2 |  2.6
Stealth        | |  2.6
Transmutations | |  0.7

Action                   |  1- 3 |  4- 6 |  7- 9 | 10-12 || total
-------------------------+-------+-------+-------+-------++-------
Melee: Unarmed           |     5 |       |       |       ||     5
       Whip              |    15 |       |       |       ||    15
       Dagger            |    98 |   253 |   147 |       ||   498
       Flail             |       |       |   310 |    78 ||   388
 Cast: Sandblast         |    26 |    24 |     9 |     3 ||    62
       Stone Arrow       |       |    14 |    34 |     4 ||    52
       Mephitic Cloud    |       |       |     3 |     6 ||     9
       Petrify           |       |       |     3 |     2 ||     5
       Lee's Rapid Decon |       |       |     2 |     5 ||     7
  Use: Potion            |     2 |     9 |     1 |       ||    12
       Scroll            |     3 |     4 |     3 |     2 ||    12
 Stab: Sleeping          |     2 |     2 |     3 |     1 ||     8
       Distracted        |       |     1 |     1 |       ||     2
       Petrified         |       |       |     8 |       ||     8
       Confused          |       |       |     1 |     2 ||     3
  Eat: Chunk             |     4 |    12 |    16 |     4 ||    36
Armor: Robe              |    27 |    21 |       |       ||    48
       Leather armour    |       |    45 |   215 |    40 ||   300
Dodge: Dodged            |    61 |   127 |   199 |    34 ||   421
Block: Buckler           |       |       |    46 |    48 ||    94
